 Dungeon Crawl Stone Soup version 0.31.0-11-ge490571c62 (webtiles) character file.

Game seed: 2916008661797426881

135 qw the Shooter (level 4, 0/23 HPs)
             Began as a Spriggan Hunter on Feb 4, 2024.
             Slain by an orc
             ... wielding a +0 dagger
              (2 damage)
             ... on level 4 of the Dungeon.
             The game lasted 00:00:08 (2413 turns).

qw the Shooter (Spriggan Hunter)                    Turns: 2413, Time: 00:00:08

Health: 0/23       AC:  2    Str:  7    XL:     4   Next: 97%
Magic:  5/5        EV: 20    Int: 10    God:
Gold:   98         SH:  0    Dex: 20    Spells: 3/3 levels left

rFire   . . .        a - +0 shortbow
rCold   . . .        (shield currently unavailable)
rNeg    . . .        c - +0 robe
rPois   .            (helmet restricted)
rElec   .            (no cloak)
rCorr   .            (gloves unavailable)
SInv    +            (boots unavailable)
Will    .....        (no amulet)
Stlth   ++           (no ring)
HPRegen 0.23/turn    (no ring)
MPRegen 0.09/turn

%: no passive effects
@: lethally poisoned (0 -> -4), very quick
A: very small, no large weapons, unfitting armour, see invisible, speed 3
a: no special abilities


You were on level 4 of the Dungeon.
You visited 1 branch of the dungeon, and saw 4 of its levels.

You collected 150 gold pieces.
You spent 52 gold pieces at shops.


Innate Abilities, Weirdness & Mutations

You are very small and have problems with some larger weapons.
You are too small for most types of armour.
You have supernaturally acute eyesight. (SInv)
You cover ground extremely quickly. (Speed+++)


   Skills:
 - Level 2.0 Fighting
 + Level 5.1 Ranged Weapons
 - Level 5.1 Dodging
 - Level 1.5 Stealth


You had 3 spell levels left.
You didn't know any spells.
Your spell library was empty.

Inventory:

Hand Weapons
 a - a +0 shortbow (weapon)
Armour
 c - a +0 robe (worn)
Jewellery
 d - a ring of ice
Scrolls
 j - 2 scrolls of enchant armour
Potions
 e - a potion of cancellation
 h - a potion of lignification {unknown}
 k - a potion of curing {unknown}
 l - a potion of brilliance {unknown}

Dungeon Overview and Level Annotations

Branches:
Dungeon (4/15)
 Temple: D:4-7

Altars:
Makhleb

Shops:
D:2 *


Message History

As you open the door, it creaks loudly!
There is an open door here.
A goblin comes into view. It is wielding a +0 club.
You shoot an arrow. The arrow hits the goblin!
You kill the goblin!
An orc priest comes into view. It is wielding a +0 club.
You shoot an arrow.
The arrow hits the orc priest but does no damage.
The orc priest shouts!
An orc comes into view. It is wielding a +0 dagger.
You shoot an arrow. The orc shouts!
The arrow hits the orc priest.
The orc priest is moderately wounded.
You hear a shout!
You shoot an arrow. The arrow hits the orc priest.
The orc priest is moderately wounded.
You shoot an arrow. The arrow hits the orc priest.
The orc priest is heavily wounded.
An orc comes into view. It is wielding a +0 trident of venom.
You shoot an arrow.
The arrow hits the orc priest but does no damage.
The orc priest is heavily wounded.
The orc priest hits you with a +0 club.
You shoot an arrow. The arrow hits the orc priest.
The orc priest is severely wounded.
You shoot an arrow. The arrow hits the orc.
The orc is moderately wounded.
You shoot an arrow. The arrow hits the orc.
The orc is heavily wounded.
The orc hits you from afar with a +0 trident of venom.
You are poisoned.
The orc misses you.
The orc priest invokes the aid of Beogh against you.
Beogh smites you!
Ouch! That really hurt!
You shoot an arrow. The arrow closely misses the orc.
The arrow hits the orc.
The orc is almost dead.
You feel sick. The orc misses you. The orc hits you with a +0 dagger.
You die...

## #.# .. #.# .# #.# .#
#.# .# #.# #####.###
####.# #...@...# #
##.##.# #.###o#.#
####...#.####.###oo..
'.....................
####....#####.###...).#
# ##.#.# #.# ##.#.#
###.# #.# ...# #.# #..
.### #.# ###


You could see an orc priest and 2 orcs.

Vanquished Creatures
  6 adders
  3 dart slugs
  8 orcs (D:3)
  3 bats
  4 endoplasms
  A giant cockroach (D:1)
  5 goblins
  3 hobgoblins
  8 jackals
  3 quokkas (D:2)
  9 ball pythons
  4 frilled lizards
  4 kobolds
  5 rats
66 creatures vanquished.

Notes
Turn   | Place    | Note
-------+----------+-------------------------------------------
     0 | D:1      | qw the Spriggan Hunter began the quest for the Orb.
     0 | D:1      | Reached XP level 1. HP: 10/10 MP: 2/2
     0 | D:1      | 0 ||| qw: Version: 0.3-a-160-g6735b56
     0 | D:1      | 0 ||| qw: Game counter: 5042
     0 | D:1      | 0 ||| qw: Melee chars always use a shield: true
     0 | D:1      | 0 ||| qw: God list: Okawaru
     0 | D:1      | 0 ||| qw: Allow faded altars: false
     0 | D:1      | 0 ||| qw: Do Orc after clearing Dungeon:15 true
     0 | D:1      | 0 ||| qw: Do second Lair branch before Depths: true
     0 | D:1      | 0 ||| qw: Lair rune preference: random
     0 | D:1      | 0 ||| qw: Goals: Normal
     0 | D:1      | 0 ||| PLANNING D:1-11
    29 | D:1      | Reached skill level 3 in Dodging
    73 | D:1      | Reached XP level 2. HP: 14/14 MP: 3/3
   535 | D:1      | Reached XP level 3. HP: 16/18 MP: 4/4
   668 | D:1      | 668 ||| READING scroll labelled NAJIRAUNOCS.
   669 | D:1      | 669 ||| READING scroll labelled FAMPIH UGELA.
   669 | D:1      | 669 ||| ENCHANTING +0 shortbow.
   670 | D:1      | 670 ||| DROPPING scroll of butterflies.
  1064 | D:2      | Identified the +2 hand axe "Fujityidd" {freeze, rC- rN+
                  | Str+3}
  1320 | D:2      | Found Itoadiot's Assorted Antiques.
  1340 | D:2      | 1340 ||| BUYING scroll labelled DIB BURGHEYPH (26 gold).
  1340 | D:2      | Bought a scroll labelled DIB BURGHEYPH for 26 gold pieces
  1340 | D:2      | 1340 ||| BUYING scroll labelled ONIOWN TIJO (26 gold).
  1340 | D:2      | Bought a scroll labelled ONIOWN TIJO for 26 gold pieces
  1473 | D:2      | 1473 ||| READING scroll labelled JUELOM HOCH.
  1476 | D:2      | 1476 ||| READING scroll labelled ETZAAJO SODGH.
  1476 | D:2      | 1476 ||| IDENTIFYING cyan potion
  1477 | D:2      | 1477 ||| READING scroll labelled BUYCED AFFAR.
  1478 | D:2      | 1478 ||| READING scroll labelled UNWEFY DUS TOE.
  1579 | D:2      | 1579 ||| READING scroll labelled DIB BURGHEYPH.
  1580 | D:2      | 1580 ||| READING scroll labelled ONIOWN TIJO.
  1656 | D:3      | Reached XP level 4. HP: 18/22 MP: 5/5
  1864 | D:3      | HP: 5/22 [orc/+0 flail of protection (10)]
  1867 | D:3      | HP: 2/22 [orc/+0 flail of protection (4)]
  1874 | D:3      | HP: 2/22 [adder (1)]
  2205 | D:3      | HP: 3/23 [orc/+0 club (5)]
  2305 | D:3      | Found a burning altar of Makhleb.
  2305 | D:3      | Noticed a balrug
  2308 | D:3      | Noticed an orange demon
  2308 | D:3      | Noticed a hellwing
  2309 | D:3      | 2309 ||| READING scroll labelled KUZXO DUTUP.
  2318 | D:4      | 2318 ||| PLANNING SEWER
  2412 | D:4      | HP: 3/23 [orc priest/divine providence (14)]
  2413 | D:4      | Slain by an orc

Levels and vault maps discovered:
D:1:      lightli_arrival_isolated_outpost, layout_loops_ring, minmay_unequal
D:2:      layout_loops_corners, serial_shops, shop_statue
D:3:      layout_basic, makhleb_altar_promises_db
D:4:      layout_loops_corners, mainiacjoe_overflow_paths, portal_sewer_entry_c,
          ebering_ghost_sewer_d

Skill      XL: |  1  2  3  4 |
---------------+-------------+-----
Dodging        | 3 4 5 |  5.1
Ranged Weapons | 5 |  5.1
Fighting       | 2 |  2.0
Stealth        | |  1.5

Action                     |  1- 3 |  4- 6 || total
---------------------------+-------+-------++-------
   Fire: Shortbow          |   122 |    98 ||   220
    Use: Scroll            |     8 |     1 ||     9
 Armour: Robe              |    12 |    26 ||    38
  Dodge: Dodged            |    51 |    55 ||   106

Table legend:
 A = Non-vault XP
 B = Vault XP
 C = Vault XP percentage of total XP
 D = Non-vault monster count
 E = Vault monster count
 F = Vault count percentage of total count
                 A         B        C        D         E       F
            +---------+---------+-------+---------+---------+-------
      Total |     188 |       6 |   3.1 |      62 |       4 |   6.1
            +---------+---------+-------+---------+---------+-------
        D:1 |      36 |       6 |  14.3 |      19 |       4 |  17.4
        D:2 |      19 |       0 |   0.0 |      13 |       0 |   0.0
        D:3 |     118 |       0 |   0.0 |      28 |       0 |   0.0
        D:4 |      15 |       0 |   0.0 |       2 |       0 |   0.0
            +---------+---------+-------+---------+---------+-------
